 Dungeon Crawl Stone Soup version 0.31.0-11-ge490571c62 (webtiles) character file.

Game seed: 2812835452928497184

98 Arctor the Firebug (level 4, 0/24 HPs)
             Began as a Deep Elf Fire Elementalist on Feb 2, 2024.
             Slain by an orc
             ... wielding a +0 short sword
              (2 damage)
             ... on level 3 of the Dungeon.
             The game lasted 00:01:37 (2753 turns).

Arctor the Firebug (Deep Elf Fire Elementalist)     Turns: 2753, Time: 00:01:38

Health: 0/24       AC:  2    Str:  5    XL:     4   Next: 43%
Magic:  0/11       EV: 13    Int: 22    God:
Gold:   95         SH:  0    Dex: 15    Spells: 7/10 levels left

rFire   . . .        (no weapon)
rCold   . . .        (no shield)
rNeg    . . .        a - +0 robe
rPois   .            (no helmet)
rElec   .            (no cloak)
rCorr   .            (no gloves)
SInv    .            (no boots)
Will    .....        (no amulet)
Stlth   +            (no ring)
HPRegen 0.24/turn    (no ring)
MPRegen 0.12/turn

%: no passive effects
@: confused
A: no striking features
a: no special abilities


You were on level 3 of the Dungeon.
You visited 1 branch of the dungeon, and saw 3 of its levels.

You collected 95 gold pieces.

Inventory:

Armour
 a - a +0 robe (worn)
Wands
 j - a wand of paralysis (20)
Scrolls
 c - a scroll of blinking {unknown}
 e - a scroll of identify {unknown}
 g - a scroll of teleportation {unknown}
 h - a scroll of butterflies {unknown}
Potions
 b - a potion of magic
 d - 3 potions of brilliance {unknown}
 f - a potion of degeneration {unknown}
 i - a potion of attraction {unknown}
 k - a potion of might {unknown}
 l - a potion of curing {unknown}
 m - a potion of ambrosia {unknown}


   Skills:
 + Level 3.3 Dodging
 + Level 3.5 Stealth
 + Level 3.9 Spellcasting
 + Level 2.2 Conjurations
 + Level 3.9 Fire Magic


You had 7 spell levels left.
You knew the following spells:

 Your Spells              Type           Power      Damage    Failure   Level
a - Foxfire               Conj/Fire      68%        2x1d7     3%          1
b - Scorch                Fire           42%        2d6       3%          2

Your spell library contained the following spells:

 Spells                   Type           Power      Damage    Failure   Level
 Inner Flame              Hex/Fire       12%        N/A       16%         3
 Volatile Blastmotes      Fire/Tloc      24%        2d12      16%         3
 Cigotuvi's Dreadful Rot  Necr/Alch/Air  8%         N/A       17%         2
 Flame Wave               Conj/Fire      17%        2d7       32%         4
 Dispel Undead            Necr           4%         3d7       75%         4
 Martyr's Knell           Necr/Summ      4%         N/A       75%         4
 Death Channel            Necr           2%         N/A       100%        6


Dungeon Overview and Level Annotations

Branches:
Dungeon (3/15)

Altars:
Elyvilon

Annotations:
D:1 1 runed translucent door


Message History

The orc wizard points at you and mumbles some strange words.
You resist with some effort.
You conjure some foxfire!
The orc wizard barely misses you.
Casting: Foxfire (safe; 3% risk of failure)
Confirm with . or Enter, or press ? or * to list all spells.
Flames lash the orc wizard.
The orc wizard is heavily wounded.
The orc wizard's fire resistance burns away.
You hear an angry hiss.
The foxfire hits the orc.
The orc is moderately wounded.
The foxfire hits the orc.
The orc is heavily wounded.
Casting: Scorch (safe; 3% risk of failure)
Confirm with . or Enter, or press ? or * to list all spells.
Flames lash the orc.
You kill the orc!
The orc barely misses you.
A rat comes into view.
The orc wizard hits you with a +4 dagger.
Casting: Scorch (safe; 3% risk of failure)
Confirm with . or Enter, or press ? or * to list all spells.
Flames lash the orc wizard.
The orc wizard is burned terribly!
The orc wizard is almost dead.
The orc wizard closely misses you. The orc hits you with a +0 flail!
* * * LOW HITPOINT WARNING * * *
Unknown command.
Casting: Scorch (safe; 3% risk of failure)
Confirm with . or Enter, or press ? or * to list all spells.
Flames lash the rat.
You kill the rat!
The orc closely misses you. The orc wizard casts a spell at you.
You are confused.
You hit the orc wizard but do no damage.
The orc wizard is almost dead.
The orc hits you with a +0 flail.
* * * LOW HITPOINT WARNING * * *
The orc hits you with a +0 short sword.
You die...

.. .. .. .#####
†...> #...#
..######o..#
.......@o).##
.#######.o...###
................
.##.##......#..
#......# .
#......#
#.#.#### #.#.#
#.....####.#.#


You could see an orc wizard (combustible) and 2 orcs.

Vanquished Creatures
  An adder (D:2)
  3 gnolls (D:2)
  2 orcs (D:3)
  3 ball pythons
  3 endoplasms
  4 giant cockroaches (D:1)
  6 goblins
  4 hobgoblins
  3 jackals (D:2)
  2 quokkas
  7 bats
  A frilled lizard (D:2)
  7 kobolds
  6 rats
52 creatures vanquished.

Vanquished Creatures (others)
  247 foxfires
247 creatures vanquished.

Grand Total: 299 creatures vanquished

Notes
Turn   | Place    | Note
-------+----------+-------------------------------------------
     0 | D:1      | Arctor the Deep Elf Fire Elementalist began the quest for
                  | the Orb.
     0 | D:1      | Reached XP level 1. HP: 10/10 MP: 6/6
     1 | D:1      | Found a runed translucent door.
   390 | D:1      | Reached XP level 2. HP: 5/15 MP: 2/8
   626 | D:1      | Learned a level 2 spell: Scorch
  1444 | D:1      | You fall into a shaft and drop 1 floor!
  1444 | D:2      | Found a white marble altar of Elyvilon.
  1574 | D:2      | Reached XP level 3. HP: 19/19 MP: 7/9
  1961 | D:2      | Reached XP level 4. HP: 24/24 MP: 9/11
  2753 | D:3      | Slain by an orc

Illustrated notes

Levels and vault maps discovered:
D:1:      dpeg_arrival_caged_fury, layout_loops_ring, minmay_misc_feat_pillars
D:2:      layout_rooms, basic_altar, minmay_tetromino_s2
D:3:      layout_basic, hellmonk_ecumenical_altar_crossroads

Skill      XL: |  1  2  3 |
---------------+----------+-----
Stealth        | 3 |  3.5
Dodging        | 3 |  3.3
Conjurations   | 2 |  2.2
Spellcasting   | |  3.9
Fire Magic     | |  3.9

Action                     |  1- 3 |  4- 6 || total
---------------------------+-------+-------++-------
  Melee: Unarmed           |    30 |     9 ||    39
   Cast: Foxfire           |   109 |    53 ||   162
         Scorch            |    14 |     4 ||    18
 Armour: Robe              |    29 |     8 ||    37
  Dodge: Dodged            |    32 |    19 ||    51
